 Dungeon Crawl Stone Soup version 0.29-a0-284-gf9362112df (webtiles) character file.

Game seed: 7629417195561313322

19 garrulousMonolith the Chopper (level 2, 0/27 HPs)
             Began as a Hill Orc Monk on Mar 24, 2022.
             Slain by an adder (1 damage)
             ... on level 2 of the Dungeon.
             The game lasted 00:01:25 (937 turns).

garrulousMonolith the Chopper (Hill Orc Monk)        Turns: 937, Time: 00:01:26

Health: 0/27       AC:  2    Str: 13    XL:     2   Next: 75%
Magic:  2/2        EV: 12    Int: 10    God:
Gold:   15         SH:  0    Dex: 13    Spells: 1/1 levels left

rFire   . . .      SeeInvis .   a - +0 hand axe
rCold   . . .      Faith    .   (no shield)
rNeg    . . .      Spirit   .   b - +0 robe
rPois   .          Reflect  .   (no helmet)
rElec   .          Harm     .   (no cloak)
rCorr   .          Rampage  .   (no gloves)
Will    .....                   (no boots)
Stlth   ++........              (no amulet)
HPRegen 0.09/turn               (no ring)
MPRegen 0.08/turn               (no ring)

@: no status effects
A: no striking features
a: no special abilities


You were on level 2 of the Dungeon.
You visited 1 branch of the dungeon, and saw 2 of its levels.

You collected 15 gold pieces.

Inventory:

Hand Weapons
 a - a +0 hand axe (weapon)
 d - a +0 rapier
Armour
 b - a +0 robe (worn)
Jewellery
 e - an amulet of the acrobat
Scrolls
 h - a scroll of acquirement {unknown}
Potions
 c - a potion of ambrosia
 f - a potion of curing {unknown}


   Skills:
 + Level 3.8 Fighting
 * Level 4.4 Axes
 + Level 0.6 Armour
 + Level 2.5 Dodging
 - Level 1.5 Stealth
 + Level 0.5 Shields
 + Level 1.0 Invocations


You had one spell level left.
You didn't know any spells.
Your spell library was empty.

Dungeon Overview and Level Annotations

Branches:
Dungeon (1/15)

Altars:


Message History

Press: ? - help, Q - select action Shift-Dir - straight line, f/p - gnoll
Aim: a gnoll, wielding a +0 spear (lightly wounded, 61% to hit)
You throw a stone.
The stone hits the gnoll but does no damage.
The gnoll is lightly wounded.
Okay, then.
The gnoll hits you from afar with a +0 spear.
The adder hisses angrily.
You hear a shout!
The gnoll barely misses you.
You closely miss the gnoll.
The gnoll is lightly wounded.
You hit the adder. The adder bites you but does no damage.
A gnoll comes into view. It is wielding a +0 spear.
The gnoll hits you with a +0 spear! The adder bites you.
You hit the gnoll but do no damage.
The gnoll is lightly wounded.
You hit the adder but do no damage. The adder bites you.
You are poisoned.
The adder poisons you! The gnoll hits you with a +0 spear.
* * * LOW HITPOINT WARNING * * *
You feel sick. The gnoll misses you.
A gnoll comes into view. It is wielding a +1 vampiric whip.
The adder attacks as you move away! The adder closely misses you.
The gnoll attacks as you move away! The gnoll barely misses you.
You feel sick. The gnoll misses you. The adder bites you.
* * * LOW HITPOINT WARNING * * *
You hit the adder.
The adder is moderately wounded.
* * * LOW HITPOINT WARNING * * *
You feel sick. The gnoll misses you. The adder bites you but does no damage.
Okay, then.
Are you sure you want to abandon this character and quit the game? (Confirm with "yes".)
Okay, then.
You barely miss the adder.
The adder is moderately wounded.
* * * LOW HITPOINT WARNING * * *
You feel sick.
You are no longer poisoned.
The adder bites you.
You die...

#. #.# #.#
g.. # #.####
#.#(#..#
###.#.#.#@.#
.......gS..#
##.#.#.#.##
#.#...
#.#######
#.......#
#######.#
#.......#
#.......#


You could see a gnoll and an adder.

Vanquished Creatures
  A dart slug (D:1)
  2 endoplasms (D:1)
  A goblin (D:1)
  A hobgoblin (D:1)
  A quokka (D:1)
  5 ball pythons (D:1)
  A frilled lizard (D:1)
  2 kobolds (D:1)
  3 rats (D:1)
17 creatures vanquished.

Notes
Turn   | Place    | Note
-------+----------+-------------------------------------------
     0 | D:1      | garrulousMonolith the Hill Orc Monk began the quest for the
                  | Orb.
     0 | D:1      | Reached XP level 1. HP: 19/19 MP: 1/1
   226 | D:1      | Reached XP level 2. HP: 15/27 MP: 2/2
   682 | D:1      | Reached skill level 1 in Invocations
   682 | D:1      | You fall into a shaft and drop 1 floor!
   936 | D:2      | HP: 1/27 [poisoned by an adder]
   937 | D:2      | Slain by an adder

Illustrated notes

Levels and vault maps discovered:
D:1:      heliophobic_arrival_ceremonial_halls, layout_rooms
D:2:      layout_basic, serial_shops, shop,
          chequers_ecumenical_altar_simple_redux, nrook_campfire

Skill      XL: |  1  2 |
---------------+-------+-----
Invocations    | 1 |  1.0
Fighting       | |  3.8
Axes           | |  4.4
Armour         | |  0.6
Dodging        | |  2.5
Stealth        | |  1.5
Shields        | |  0.5

Action                   || total
-------------------------++-------
Melee: Hand axe          ||    50
Throw: Stone             ||     2
 Stab: Sleeping          ||     1
Armor: Robe              ||    11
Dodge: Dodged            ||    45

Table legend: (Time is in decaauts)
 A = Elapsed time spent in this place.
 B = Non-inter-level travel time spent in this place.
 C = Inter-level travel time spent in this place.
 D = Time resting spent in this place.
 E = Time spent auto-exploring this place.
 F = Levels seen in this place.
 G = Mean time per level.
                   A        B        C        D        E       F      G
               +--------+--------+--------+--------+--------+-----+--------+
         Total |    941 |    941 |      0 |    492 |    296 |   2 |  470.5 |
       Dungeon |    941 |    941 |      0 |    492 |    296 |   2 |  470.5 |
               +--------+--------+--------+--------+--------+-----+--------+

Top non-repeatable levels by time:
     D:1: 686 daAuts
     D:2: 255 daAuts
